 Dungeon Crawl Stone Soup version 0.31.0-11-ge490571c62 (webtiles) character file.

Game seed: 9626291392814759458

141 sanka the Gusty (level 5, 0/28 HPs)
             Began as a Tengu Air Elementalist on Jan 27, 2024.
             Slain by an ufetubus (1 damage)
             ... on level 3 of the Dungeon.
             The game lasted 00:02:36 (2733 turns).

sanka the Gusty (Tengu Air Elementalist)            Turns: 2733, Time: 00:02:37

Health: 0/28       AC:  2    Str:  8    XL:     5   Next: 24%
Magic:  0/10       EV: 12    Int: 17    God:
Gold:   133        SH:  0    Dex: 15    Spells: 4/10 levels left

rFire   . . .        (no weapon)
rCold   . . .        (no shield)
rNeg    . . .        a - +0 robe
rPois   .            (helmet restricted)
rElec   .            j - scarf {repulsion}
rCorr   .            (no gloves)
SInv    +            (boots unavailable)
Will    .....        (no amulet)
Stlth   ++           d - ring of see invisible
HPRegen 0.24/turn    (no ring)
MPRegen 0.12/turn

%: repel missiles, acrobat
@: very slightly contaminated
A: beak, talons 3, acrobatic
a: no special abilities


You were on level 3 of the Dungeon.
You visited 1 branch of the dungeon, and saw 3 of its levels.

You collected 133 gold pieces.


Innate Abilities, Weirdness & Mutations

You have a beak for a mouth.
You have claws for feet.
You can magically evade attacks while moving or waiting.


   Skills:
 - Level 2.1 Dodging
 - Level 2.0 Stealth
 + Level 3.2 Spellcasting
 + Level 3.7 Conjurations
 + Level 5.4 Air Magic


You had 4 spell levels left.
You knew the following spells:

 Your Spells              Type           Power      Damage    Failure   Level
s - Swiftness             Air            21%        N/A       5%          3
z - Shock                 Conj/Air       72%        1d7       2%          1
Z - Static Discharge      Conj/Air       36%        3-5/arc   3%          2

Your spell library contained the following spells:

 Spells                   Type           Power      Damage    Failure   Level
 Magic Dart               Conj           60%        1d6       3%          1
 Airstrike                Air            10%        2d(2-18)  19%         4
 Blink                    Tloc           4%         N/A       26%         2
 Call Imp                 Summ           4%         N/A       26%         2

Inventory:

Armour
 a - a +0 robe (worn)
 j - a scarf of repulsion (worn)
Jewellery
 d - a ring of see invisible (left hand)
Wands
 i - a wand of mindburst (16)
Scrolls
 e - a scroll of enchant weapon {unknown}
 f - 2 scrolls of identify {unknown}
 h - a scroll of poison {unknown}
 m - a scroll of vulnerability {unknown}
 n - a scroll of immolation {unknown}
Potions
 b - a potion of magic
 c - a potion of lignification {unknown}
 g - a potion of mutation {unknown}
 k - a potion of haste {unknown}
 l - a potion of degeneration {unknown}

Dungeon Overview and Level Annotations

Branches:
Dungeon (3/15)

Altars:

...▒ ▒.......'. .▒.▒
▒...........▒.▒▒▒...▒▒
.▒.▒ ▒...?.......▒.▒
▒...▒ .▒.▒
▒...........▒.▒ ▒...▒
.▒.▒ ▒...........▒.▒
▒▒▒▒▒ <▒.▒
▒..[........▒.▒ .▒.▒
▒...........▒.▒ ...▒
▒........▒ ▒.▒▒▒▒▒▒▒▒
.▒▒▒
▒.▒▒▒▒▒Q▒▒▒▒▒.▒.........
.▒
▒......5......▒.....▒▒▒▒
.▒ ▒▒▒▒▒▒▒.▒▒▒▒▒▒▒.▒▒▒.▒
.▒
....................▒▒▒▒
.▒
▒▒▒▒▒▒▒.▒▒▒▒▒▒▒.▒.......
.▒ ▒......<▒.▒▒.▒▒▒▒▒ .▒
▒▒▒▒▒▒▒▒▒.▒..▒.... .▒
▒.▒.▒▒.▒▒▒ .▒ ▒.▒.▒▒.▒


You could see an ufetubus.


Message History

The ufetubus closely misses you.
Unknown command.
You miscast Shock.
Nothing appears to happen.
The ufetubus barely misses you. The ufetubus hits you.
* * * LOW HITPOINT WARNING * * *
Unknown command.
The zap hits the ufetubus.
The ufetubus is almost dead.
The ufetubus hits you.
* * * LOW HITPOINT WARNING * * *
The ufetubus hits you.
* * * LOW HITPOINT WARNING * * *
The ufetubus hits you.
* * * LOW HITPOINT WARNING * * *
The ufetubus hits you.
* * * LOW HITPOINT WARNING * * *
The zap misses the ufetubus.
The ufetubus hits you.
* * * LOW HITPOINT WARNING * * *
The ufetubus closely misses you.
You closely miss the ufetubus.
The ufetubus is almost dead.
The ufetubus completely misses you. The ufetubus hits you.
* * * LOW HITPOINT WARNING * * *
The ufetubus misses you. The ufetubus hits you.
You die...

Action                     |  1- 3 |  4- 6 || total
---------------------------+-------+-------++-------
  Melee: Unarmed           |    34 |     6 ||    40
         Kick              |    12 |     2 ||    14
         Peck              |     8 |     2 ||    10
   Cast: Shock             |    53 |    56 ||   109
   Stab: Sleeping          |     1 |       ||     1
 Armour: Robe              |    26 |    23 ||    49
  Dodge: Dodged            |    29 |    26 ||    55

Levels and vault maps discovered:
D:1:      amcnicky_arrival_gap_in_the_tavern_cellar, layout_basic, st_stairs_3
D:2:      layout_rooms
D:3:      layout_basic

Notes
Turn   | Place    | Note
-------+----------+-------------------------------------------
     0 | D:1      | sanka the Tengu Air Elementalist began the quest for the
                  | Orb.
     0 | D:1      | Reached XP level 1. HP: 10/10 MP: 4/4
   153 | D:1      | Reached XP level 2. HP: 15/15 MP: 4/6
   160 | D:1      | Reached skill level 2 in Conjurations
   563 | D:1      | Reached XP level 3. HP: 19/19 MP: 4/7
   604 | D:1      | Learned a level 2 spell: Static Discharge
   608 | D:1      | Learned a level 3 spell: Swiftness
  1075 | D:2      | Reached skill level 3 in Conjurations
  1075 | D:2      | Reached XP level 4. HP: 20/24 MP: 1/9
  1342 | D:2      | Reached skill level 5 in Air Magic
  1353 | D:2      | Reached skill level 3 in Spellcasting
  2014 | D:3      | Reached XP level 5. HP: 28/28 MP: 5/10
  2733 | D:3      | HP: 1/28 [ufetubus (3)]
  2733 | D:3      | Slain by an ufetubus

Vanquished Creatures
  3 gnolls (D:2)
  6 adders
  An ufetubus (D:3)
  A dart slug (D:1)
  A ribbon worm (D:3)
  An orc (D:3)
  6 bats
  8 endoplasms
  8 hobgoblins
  2 kobolds
  4 quokkas
  3 ball pythons
  5 frilled lizards
  3 rats
52 creatures vanquished.
